 Dungeon Crawl Stone Soup version 0.17-a0-1804-gf6433eb (webtiles) character file.

174 masdan the Digger (level 5, -4/48 HPs)
             Began as a Troll Earth Elementalist on Sept 11, 2015.
             Slain by enrike's ghost (6 damage)
             ... on level 4 of the Dungeon.
             The game lasted 00:16:57 (2590 turns).

masdan the Digger (Troll Earth Elementalist)        Turns: 2590, Time: 00:16:58

Health: -4/48      AC:  3    Str: 17    XL:     5   Next: 28%
Magic:  5/7        EV:  9    Int: 11    God:
Gold:   176        SH:  0    Dex: 10    Spells: 3 memorised, 2 levels left

rFire  . . .     SeeInvis .     n - +0 great sword
rCold  . . .     Clarity  .     (armour restricted)
rNeg   . . .     SustAt   .     (no shield)
rPois  .         Gourm    +     (helmet restricted)
rElec  .         Spirit   .     (no cloak)
rCorr  .         Warding  .     (gloves unavailable)
rMut   .         Stasis   .     (boots unavailable)
MR     .....                    (no amulet)
Stlth  +.........               (no ring)
                                (no ring)

@: not resistant to hostile enchantments, very unstealthy
A: unfitting armour, claws 3, fast metabolism 3, gourmand, regeneration 2,
shaggy fur 1, tough skin 2
a: no special abilities


You were on level 4 of the Dungeon.
You were not hungry.

You visited 1 branch of the dungeon, and saw 4 of its levels.

You collected 176 gold pieces.

Inventory:

Hand weapons
 h - a +0 spear
 m - a +0 club
 n - a +0 great sword (weapon)
 D - a cursed -1 dagger
 E - a +0 hunting sling
 F - a cursed -3 club
 H - a +0 club
Missiles
 a - 141 stones
 w - 3 tomahawks of dispersal (quivered)
Armour
 b - a +0 robe
 g - a +0 robe
 i - a +0 scale mail
 o - a +0 scale mail
 r - a +1 pair of gloves of strength
 t - a +0 robe
 y - a +0 leather armour
Jewellery
 l - an uncursed ring of protection from cold {unknown}
Scrolls
 e - 3 scrolls of amnesia {unknown}
 f - a scroll of noise {unknown}
 v - 2 scrolls of recharging {unknown}
 B - 3 scrolls of identify {unknown}
 C - a scroll of immolation {unknown}
 G - a scroll of remove curse {unknown}
 J - a scroll of teleportation {unknown}
Potions
 p - a potion of heal wounds {unknown}
 q - a potion of flight {unknown}
 s - 2 potions of agility {unknown}
 u - 2 potions of curing {unknown}
 x - a potion of cure mutation {unknown}
 z - a potion of might {unknown}
 I - 2 potions of poison {unknown}
Books
 c - a book of Geomancy

   Spells                             Type                      Level
   a - Sandblast                      Earth                        1
   b - Stoneskin                      Transmutation/Earth          2
   c - Passwall                       Transmutation/Earth          3
   d - Stone Arrow                    Conjuration/Earth            3
   e - Petrify                        Transmutation/Earth          4
   f - Lee's Rapid Deconstruction     Earth                        5
Comestibles
 d - 2 bread rations
 j - 4 fruits
 k - 3 chunks of flesh


   Skills:
 * Level 1.4 Fighting
 - Level 1.5 Dodging
 - Level 1.1 Stealth
 * Level 2.0 Unarmed Combat
 * Level 2.0 Spellcasting
 + Level 0.8 Transmutations
 * Level 3.9 Earth Magic


You had 2 spell levels left.
You knew the following spells:

 Your Spells              Type           Power        Failure   Level  Hunger
a - Sandblast             Erth           #.....       10%         1    ##.....
b - Stoneskin             Trmt/Erth      #.......     21%         2    ###....
c - Passwall              Trmt/Erth      #.........   38%         3    ####...


Dungeon Overview and Level Annotations

Branches:
Dungeon (4/15)
 Temple: D:4-7

Altars:
Elyvilon
Okawaru
Xom

Annotations:
D:4 enrike's ghost, average HEHu


Innate Abilities, Weirdness & Mutations

You are too large for most types of armour.
You have claws for hands.
Your metabolism is lightning-fast.
You like to eat raw meat.
You heal very quickly.
You are covered in fur (AC +1).
You have very tough skin (AC +2).


Message History

Enrike's ghost hits you.
* * * LOW HITPOINT WARNING * * *
Casting: Sandblast
Confirm with . or Enter, or press ? or * to list all spells.
Aiming: Sandblast
Press: ? - help, Shift-Dir - straight line, f/p - enrike's ghost
Aim: enrike's ghost (almost destroyed)
The blast of sand hits enrike's ghost.
Enrike's ghost is almost destroyed.
Enrike's ghost hits you!
* * * LOW HITPOINT WARNING * * *
Casting: Sandblast
Confirm with . or Enter, or press ? or * to list all spells.
Aiming: Sandblast
Press: ? - help, Shift-Dir - straight line, f/p - enrike's ghost
Aim: enrike's ghost (almost destroyed)
The blast of sand hits enrike's ghost.
Enrike's ghost is almost destroyed.
Enrike's ghost hits you.
You die...

<.########..##
### ##..# ##
##.##### ..
#.....##.#
#####..#.#
##.#.# #...#
#####..#####
#..@W......#
#..........#
#..........#
#..........#
############


You could see enrike's ghost.

Vanquished Creatures
  A jelly (D:4)
  A hound (D:4)
  5 adders
  An adder skeleton (D:4)
  2 worms
  A giant gecko (D:2)
  8 bats
  4 giant cockroaches
  5 hobgoblins
  9 jackals
  A quokka (D:2)
  2 giant newts
  5 goblins
  12 kobolds
  8 rats
65 creatures vanquished.

Notes
Turn   | Place    | Note
--------------------------------------------------------------
     0 | D:1      | masdan the Troll Earth Elementalist began the quest for the Orb.
     0 | D:1      | Reached XP level 1. HP: 16/16 MP: 1/1
   312 | D:1      | Reached skill level 3 in Earth Magic
   315 | D:1      | Reached XP level 2. HP: 24/24 MP: 0/3
   339 | D:1      | Learned a level 2 spell: Stoneskin
   739 | D:2      | Reached XP level 3. HP: 25/31 MP: 4/4
  1021 | D:2      | Found an iron altar of Okawaru.
  1024 | D:2      | Found a shimmering altar of Xom.
  1027 | D:2      | Found a white marble altar of Elyvilon.
  1184 | D:2      | Reached XP level 4. HP: 25/40 MP: 5/5
  1231 | D:2      | Learned a level 3 spell: Passwall
  1484 | D:3      | Reached skill level 1 in Unarmed Combat
  1496 | D:3      | Reached skill level 1 in Fighting
  2459 | D:4      | Reached XP level 5. HP: 31/48 MP: 5/7
  2570 | D:4      | Noticed enrike's ghost (average HEHu)
  2589 | D:4      | HP: 1/48 [enrike's ghost (7)]
  2590 | D:4      | Slain by enrike's ghost

Vault maps used:
D:1:      eino_arrival_water_star, minmay_door_square
D:2:      grunt_temple_overflow_diamond, item_on_display_a
D:3:      hex_intersection
D:4:      yredelemnul_altar_generic, grunt_temple_overflow_open, first_bread

Action                   |  1- 3 |  4- 6 || total
-------------------------+-------+-------++-------
Melee: Spear             |    53 |       ||    53
       Unarmed           |    82 |    49 ||   131
       Great sword       |       |    39 ||    39
Throw: Stone             |     1 |       ||     1
       Tomahawk          |       |     1 ||     1
 Cast: Sandblast         |     6 |     7 ||    13
       Stoneskin         |     2 |       ||     2
       Passwall          |       |     4 ||     4
 Stab: Sleeping          |     4 |     1 ||     5
  Eat: Chunk             |     2 |     4 ||     6
       Fruit             |     2 |       ||     2
       Bread ration      |     1 |     2 ||     3
       Beef jerky        |       |     1 ||     1
